 Dungeon Crawl Stone Soup version 0.31-a0-543-geaa9c7a2c0 (webtiles) character file.

Game seed: 4016363202994638424

191 Ethylacetat the Insei (level 5, 0/37 HPs)
             Began as an Octopode Gladiator on Aug 15, 2023.
             Slain by a centaur (2 damage)
             ... on level 5 of the Dungeon.
             The game lasted 00:02:55 (2586 turns).

Ethylacetat the Insei (Octopode Gladiator)          Turns: 2586, Time: 00:02:55

Health: 0/37       AC:  1    Str: 13    XL:     5   Next: 70%
Magic:  5/5        EV: 14    Int: 11    God:
Gold:   135        SH:  0    Dex: 15    Spells: 4/4 levels left

rFire   . .          .
                       - Unarmed
rCold   . . .        (no shield)
rNeg    . . .        a - +0 hat
rPois   .            (no amulet)
rElec   .            (no ring)
rCorr   .            (no ring)
SInv    .            (no ring)
Will    .....        (no ring)
Stlth   ++           (no ring)
HPRegen 0.26/turn    (no ring)
MPRegen 0.09/turn    (no ring)
                     (no ring)

%: no passive effects
@: no status effects
A: almost no armour, amphibious, 8 rings, camouflage 1, gelatinous body 1,
(nimble swimmer 1), tentacles
a: no special abilities


You were on level 5 of the Dungeon.
You visited 1 branch of the dungeon, and saw 4 of its levels.

You collected 135 gold pieces.

Inventory:

Missiles
 b - 3 throwing nets (quivered)
 c - 5 javelins
Armour
 a - a +0 hat (worn)
Wands
 m - a wand of mindburst (11)
 t - a wand of flame (18)
Scrolls
 d - 2 scrolls of enchant weapon {unknown}
 e - a scroll of brand weapon {unknown}
 g - 6 scrolls of identify {unknown}
 i - 2 scrolls of poison {unknown}
 n - a scroll of noise {unknown}
 o - a scroll of fog {unknown}
 p - 2 scrolls of fear {unknown}
 r - 2 scrolls of immolation {unknown}
Potions
 f - a potion of magic {unknown}
 h - a potion of curing {unknown}
 j - 2 potions of degeneration {unknown}
 k - a potion of resistance {unknown}
 l - 2 potions of might {unknown}
 q - a potion of enlightenment {unknown}
 s - a potion of heal wounds {unknown}


   Skills:
 + Level 3.7 Fighting
 - Level 2.0 Throwing
 + Level 4.2 Dodging
 + Level 4.2 Unarmed Combat


You had 4 spell levels left.
You didn't know any spells.
Your spell library was empty.

Dungeon Overview and Level Annotations

Branches:
Dungeon (3/15)

Altars:

Shops:
D:2 ?


Innate Abilities, Weirdness & Mutations

You cannot wear most types of armour.
You are amphibious.
You can wear up to eight rings at the same time.
Your skin changes colour to match your surroundings (Stealth+).
Your rubbery body absorbs attacks. (AC +1, EV +1)
((You are camouflaged when in or above water. (Stealth+)))
You have tentacles for arms and can constrict up to eight enemies at once.


Message History

Found a stone staircase leading down.
You enter a teleport trap!
The teleport trap disappears.
Your surroundings suddenly seem different.
Found a scroll labelled PIUSIU QIYRAE.
Found a stone staircase leading down.
g - 6 scrolls labelled PIUSIU QIYRAE (gained 1)
Found a helmet.
Found a scimitar.
A centaur comes into view.
The centaur wields a +0 orcbow.
The centaur shoots an arrow.
The arrow hits you!
The centaur shoots an arrow.
The arrow hits you!
The centaur unwields a +0 orcbow.
The centaur misses you. The centaur kicks you.
You tentacle-slap the centaur.
The centaur is lightly wounded.
The centaur barely misses you. The centaur kicks you.
* * * LOW HITPOINT WARNING * * *
The centaur hits you but does no damage.
The centaur barely misses you.
You tentacle-slap the centaur but do no damage.
You tentacle-slap the centaur.
The centaur is lightly wounded.
The centaur hits you.
* * * LOW HITPOINT WARNING * * *
The centaur kicks you.
* * * LOW HITPOINT WARNING * * *
You tentacle-slap the centaur.
The centaur is moderately wounded.
The centaur closely misses you.
The centaur kicks you but does no damage.
You tentacle-slap the centaur. You squeeze the centaur.
The centaur is heavily wounded.
The centaur barely misses you. The centaur closely misses you.
The centaur hits you.
* * * LOW HITPOINT WARNING * * *
The centaur closely misses you.
You closely miss the centaur.
The centaur is heavily wounded.
The centaur barely misses you. The centaur kicks you.
You die...

# #.
#####.####
......c..#
#@.# #..
#).######.#
#..
#.........#
#..
#..########
#.. #####..#
#..###......#
#...........#
#..#.....#.##
#..........#


You could see a centaur.

Vanquished Creatures
  A jelly (D:3)
  Crazy Yiuf (D:2)
  Ijyb (D:3)
  3 adders (D:2)
  3 worms
  A dart slug (D:2)
  2 orcs
  4 bats
  8 endoplasms
  2 giant cockroaches
  8 goblins
  3 hobgoblins
  4 jackals
  10 kobolds
  2 quokkas
  8 ball pythons
  2 frilled lizards
  7 rats
70 creatures vanquished.

Notes
Turn   | Place    | Note
-------+----------+-------------------------------------------
     0 | D:1      | Ethylacetat the Octopode Gladiator began the quest for the
                  | Orb.
     0 | D:1      | Reached XP level 1. HP: 14/14 MP: 1/1
    59 | D:1      | Reached XP level 2. HP: 10/19 MP: 2/2
   354 | D:1      | Reached XP level 3. HP: 25/25 MP: 3/3
   928 | D:2      | Found Tuddoiwo's Magic Scroll Shoppe.
  1026 | D:2      | Reached XP level 4. HP: 21/31 MP: 4/4
  1437 | D:2      | Found a runed translucent door.
  1438 | D:2      | Noticed Crazy Yiuf
  1588 | D:2      | Killed Crazy Yiuf
  1656 | D:3      | Reached XP level 5. HP: 36/36 MP: 5/5
  2464 | D:3      | Noticed Ijyb
  2476 | D:3      | Killed Ijyb
  2559 | D:3      | You fall into a shaft and drop 2 floors!
  2559 | D:5      | Entered Level 5 of the Dungeon
  2579 | D:5      | Noticed a centaur
  2586 | D:5      | Slain by a centaur

Illustrated notes

Levels and vault maps discovered:
D:1:      ncdulo_halloftheorcs, layout_loops_ring, minmay_misc_feat_four_crosses
D:2:      layout_basic, serial_shops, shop, minmay_misc_feat_five,
          uniq_crazy_yiuf_cottage
D:3:      layout_basic, nicolae_overflow_hidden_temple, serial_co_window_serial,
          co_window_cross_1, co_window_corner_a, co_window_paths_a,
          co_window_paths_b, co_window_corner_a, co_window_paths_b,
          co_window_corner_a, co_window_paths_c, co_window_broadway_a,
          co_window_cross_3, co_window_paths_c, co_window_2corner,
          co_window_paths_d, glass_columns_b, glass_columns_a, uniq_ijyb
D:5:      layout_loops_ring

Skill      XL: |  1  2  3  4  5 |
---------------+----------------+-----
Fighting       | 3 |  3.7
Dodging        | 4 |  4.2
Unarmed Combat | 4 |  4.2
Throwing       | |  2.0

Action                     |  1- 3 |  4- 6 || total
---------------------------+-------+-------++-------
  Melee: Unarmed           |    70 |    75 ||   145
         Constrict         |    21 |     9 ||    30
         Tentacles         |    19 |    14 ||    33
         Punch             |     3 |     1 ||     4
  Evoke: Wand              |       |     1 ||     1
   Stab: Sleeping          |    11 |     4 ||    15
 Armour: Skin              |     6 |     7 ||    13
  Dodge: Dodged            |    42 |    56 ||    98

Table legend: (Time is in decaauts)
 A = Elapsed time spent in this place.
 B = Non-inter-level travel time spent in this place.
 C = Inter-level travel time spent in this place.
 D = Time resting spent in this place.
 E = Time spent auto-exploring this place.
 F = Levels seen in this place.
 G = Mean time per level.
                   A        B        C        D        E       F      G
               +--------+--------+--------+--------+--------+-----+--------+
         Total |   2575 |   2501 |     74 |      0 |   2112 |   4 |  643.8 |
       Dungeon |   2575 |   2501 |     74 |      0 |   2112 |   4 |  643.8 |
               +--------+--------+--------+--------+--------+-----+--------+

Top non-repeatable levels by time:
     D:2: 961 daAuts
     D:3: 907 daAuts
     D:1: 679 daAuts
     D:5: 26 daAuts
